 Dungeon Crawl Stone Soup version 0.29-a0-887-gcbe080d7e0 (webtiles) character file.

Game seed: 1360122670577039625

203 wilfster70 the Covered (level 6, -15/49 HPs)
             Began as a Formicid Fighter on July 21, 2022.
             Was an Initiate of Ashenzari.
             Demolished by Menkaure (18 damage)
             ... on level 7 of the Dungeon.
             The game lasted 00:06:00 (3052 turns).

wilfster70 the Covered (Formicid Fighter)           Turns: 3052, Time: 00:06:01

Health: -15/49     AC:  7    Str: 21    XL:     6   Next: 8%
Magic:  6/6        EV:  9    Int:  9    God:    Ashenzari [......]
Gold:   203        SH:  5    Dex: 13    Spells: 5/5 levels left

rFire   . . .      SeeInvis +   a - +0 quarterstaff
rCold   . . .      Faith    .   c - +0 buckler
rNeg    . . .      Spirit   .   b - +0 scale mail
rPois   .          Reflect  .   (helmet unavailable)
rElec   .          Harm     .   (no cloak)
rCorr   .          Rampage  .   (no gloves)
Will    .....                   (no boots)
Stlth   ..........              (no amulet)
HPRegen 0.16/turn               (no ring)
MPRegen 0.10/turn               (no ring)

@: no status effects
A: permanent stasis, dig shafts and tunnels, antennae 3, four strong arms
a: Dig, Shaft Self, Renounce Religion


You were on level 7 of the Dungeon.
You worshipped Ashenzari.
Ashenzari was noncommittal.
You visited 1 branch of the dungeon, and saw 5 of its levels.

You collected 217 gold pieces.
You spent 14 gold pieces at shops.

Inventory:

Hand Weapons
 a - a +0 quarterstaff (weapon)
Armour
 b - a +0 scale mail (worn)
 c - a +0 buckler (worn)
Scrolls
 e - a scroll of immolation
 f - a scroll of magic mapping
 h - 2 scrolls of enchant armour {unknown}
 j - a scroll of noise {unknown}
 r - a scroll of identify
Potions
 d - a potion of might
 g - 2 potions of brilliance
 i - a potion of flight {unknown}


   Skills:
 + Level 4.4 Fighting
 * Level 4.3 Staves
 + Level 4.4 Armour
 - Level 4.0 Shields


You had 5 spell levels left.
You didn't know any spells.
Your spell library was empty.

Dungeon Overview and Level Annotations

Branches:
Dungeon (4/15)
 Temple: D:4-7

Altars:
Ashenzari
Fedhas

Shops:
D:1 !

Annotations:
D:7 Menkaure


Innate Abilities, Weirdness & Mutations

You cannot be hasted, slowed, berserked, paralysed or teleported.
You can dig through walls and to a lower floor.
You have a pair of large antennae on your head. (SInv)
Your four strong arms can wield two-handed weapons with a shield.


Message History

The orc hits you but does no damage.
You thump the orc!
You kill the orc!
Things that are here:
a +0 dagger; an orc corpse HP restored.
You now have 203 gold pieces (gained 7).
Found a stone staircase leading down.
A sourceless malevolence fills the Dungeon...
You fall into a shaft and drop 3 floors!
The shaft crumbles and collapses.
You hear the roar of battle.
There is an entrance to a bailey on this level.
Hurry and find it before the portal closes forever!
You have a vision of a gate.
As you read the scroll of magic mapping, it crumbles to dust.
You feel aware of your surroundings.
You sensed 2 altars.
Found a scroll labelled FEGECAWK KUEL and a short sword.
You aren't carrying any items that you can evoke.
j - a scroll labelled FEGECAWK KUEL You see here a +0 short sword.
Found a scroll of magic mapping.
Found a long sword and a giant club.
Menkaure, Prince of Dust comes into view.
Menkaure shouts!
You hear a shout!
Menkaure mumbles some strange words.
Menkaure seems to speed up.
You hear a shout!
You hear a shout!
Menkaure casts a spell at you. Pain shoots through your body!
An orc comes into view. It is wielding a +0 war axe.
The orc shouts!
Menkaure hits you!!
You barely miss Menkaure. Menkaure hits you!
* * * LOW HITPOINT WARNING * * *
An orc wizard comes into view. It is wielding a +0 dagger.
Okay, then.
Unknown command.
You closely miss Menkaure. Menkaure hits you!!
You die...

*** *,****,,,,,,,***,* *
*,,..#.*********,* *
**##...* ***,,*** * *,....*
*,,,,,<* * **,*#..* *,,,,,,*
##,,**#.## *,,,.,,*
######..#* #..### *,...,,*
#......######...###....,,*
##.#####.......@........,,*
##..#####.#######M.##..).,,*
#.......).# **#.?......,,*
########### *,...###...,,*
*.8o.._,,,8,,*
**************#{.o..),,,,,,*
,,,,,,,,,,,,,,..8.....,,8,,*
*************#.........,,,,*
#..8.......8,,*


You could see Menkaure (fast), an orc wizard and an orc.

Vanquished Creatures
  Jessica (D:3)
  6 gnolls
  4 adders
  2 worms (D:3)
  A dart slug (D:3)
  10 orcs
  3 ball pythons
  4 endoplasms
  A giant cockroach (D:2)
  4 goblins
  4 hobgoblins
  3 jackals (D:1)
  2 quokkas
  10 bats
  6 frilled lizards
  2 kobolds (D:2)
  5 rats
68 creatures vanquished.

Vanquished Creatures (collateral kills)
  A bat (D:1)
1 creature vanquished.

Grand Total: 69 creatures vanquished

Notes
Turn   | Place    | Note
-------+----------+-------------------------------------------
     0 | D:1      | wilfster70 the Formicid Fighter began the quest for the
                  | Orb.
     0 | D:1      | Reached XP level 1. HP: 18/18 MP: 1/1
   143 | D:1      | Reached XP level 2. HP: 24/24 MP: 2/2
   395 | D:1      | Found a faded altar of an unknown god.
   411 | D:1      | Prayed at the altar of an unknown god.
   411 | D:1      | Became a worshipper of Fedhas Madash
   411 | D:1      | Reached * piety under Fedhas
   423 | D:1      | Found Fuha's Distillery.
   426 | D:1      | Bought a potion of degeneration for 14 gold pieces
   911 | D:2      | Reached XP level 3. HP: 29/29 MP: 3/3
  1005 | D:2      | Reached XP level 4. HP: 9/37 MP: 4/4
  1869 | D:3      | Reached ** piety under Fedhas
  2131 | D:2      | Reached XP level 5. HP: 15/42 MP: 5/5
  2586 | D:3      | Noticed Jessica
  2589 | D:3      | Killed Jessica
  2592 | D:3      | Found a broken altar of Ashenzari.
  2601 | D:3      | Fell from the grace of Fedhas
  2601 | D:3      | Became a worshipper of Ashenzari the Shackled
  2720 | D:3      | Reached XP level 6. HP: 35/49 MP: 6/6
  3018 | D:4      | You fall into a shaft and drop 3 floors!
  3043 | D:7      | Noticed Menkaure
  3052 | D:7      | Demolished by Menkaure

Illustrated notes

Levels and vault maps discovered:
D:1:      dpeg_arrival_arbitrary_a, layout_basic, serial_shops,
          nicolae_shop_behind_doors, hellmonk_ecumenical_altar_crossroads
D:2:      layout_loops_ring
D:3:      layout_rooms, mainiacjoe_overflow_24_doors, chequers_garden,
          kennysheep_flooded_box, uniq_jessica
D:4:      layout_basic, minmay_misc_feat_ornament
D:7:      layout_rooms, lightli_temple_of_fire, eat_drink_and_be_merry_uskayaw,
          enter_bailey_5, uniq_menkaure

Skill      XL: |  1  2  3  4  5 |
---------------+----------------+-----
Staves         | 3 4 |  4.3
Armour         | 4 |  4.4
Fighting       | 4 |  4.4
Shields        | |  4.0

Action                   |  1- 3 |  4- 6 || total
-------------------------+-------+-------++-------
Melee: Quarterstaff      |    45 |   150 ||   195
  Use: Scroll            |     6 |     2 ||     8
       Potion            |     1 |       ||     1
Armor: Scale mail        |    23 |    91 ||   114
Dodge: Dodged            |    23 |    86 ||   109
Block: Buckler           |    16 |    44 ||    60

Table legend: (Time is in decaauts)
 A = Elapsed time spent in this place.
 B = Non-inter-level travel time spent in this place.
 C = Inter-level travel time spent in this place.
 D = Time resting spent in this place.
 E = Time spent auto-exploring this place.
 F = Levels seen in this place.
 G = Mean time per level.
                   A        B        C        D        E       F      G
               +--------+--------+--------+--------+--------+-----+--------+
         Total |   3087 |   2983 |    104 |    840 |   1077 |   5 |  617.4 |
       Dungeon |   3087 |   2983 |    104 |    840 |   1077 |   5 |  617.4 |
               +--------+--------+--------+--------+--------+-----+--------+

Top non-repeatable levels by time:
     D:2: 1200 daAuts
     D:1: 1137 daAuts
     D:3: 637 daAuts
     D:4: 78 daAuts
     D:7: 33 daAuts
